 Dungeon Crawl Stone Soup version 0.30.0-18-gc0e69614cb (webtiles) character file.

Game seed: 13473005821384298229

141381 Jackthecabe the Bludgeoner (level 17, -13/169 (192) HPs)
             Began as an Ogre Warper on May 24, 2023.
             Was the Champion of Ru.
             Mangled by a frost giant
             ... wielding a +2 battleaxe of freezing
              (24 damage)
             ... in an ice cave.
             The game lasted 01:12:17 (41012 turns).

Jackthecabe the Bludgeoner (Ogre Warper)           Turns: 41012, Time: 01:12:18

HP:   -13/169 (192) AC:  9    Str: 25    XL:     17   Next: 33%
MP:   20/24         EV:  9    Int: 15    God:    Ru [******]
Gold: 1249          SH:  0    Dex:  8    Spells: 20/26 levels left

rFire   . . .        a - +6 giant spiked club (freeze)
rCold   + . .        (shield currently unavailable)
rNeg    . . .        H - +1 steam dragon scales
rPois   .            (helmet restricted)
rElec   .            G - +1 cloak "Jeguun" {Int+3}
rCorr   .            (gloves unavailable)
SInv    .            (boots unavailable)
Will    +....        p - amulet of magic regeneration
Stlth   +            D - +4 ring of slaying
HPRegen 0.00/turn    C - ring of protection from cold {rC+}
MPRegen 0.59/turn

%: no passive effects
@: exhausted, about to teleport, inhibited regen, heavily drained, unable to
drink
A: large, unfitting armour, dopey 1, inhibited regeneration, tough skin 1,
inability to drink after injury 2, inability to use devices, inability to train
armour
a: Renounce Religion, Draw Out Power, Power Leap, Apocalypse


You were in an ice cave.
You worshipped Ru.
Ru was exalted by your worship.
You visited 4 branches of the dungeon, and saw 25 of its levels.
You also visited: Sewer and Ice Cave.

You collected 2475 gold pieces.
You spent 1226 gold pieces at shops.

Inventory:

Hand Weapons
 a - a +6 giant spiked club of freezing (weapon)
   (You took it off an ogre on level 5 of the Dungeon)
 b - the +8 trident of the Octopus King {venom, rElec rPois}
   (You found it on level 3 of the Dungeon)

   rElec:     It insulates you from electricity.
   rPois:     It protects you from poison.
Missiles
 L - 21 boomerangs
 W - 15 large rocks {!d}
Armour
 G - the +1 cloak "Jeguun" (worn) {Int+3}
   (You found it on level 7 of the Dungeon)

   Int:       It affects your intelligence (+3).
 H - +1 steam dragon scales (worn)
   (You found it on level 7 of the Dungeon)
 Z - a scarf of repulsion
   (You found it on level 3 of the Swamp)
Jewellery
 p - an amulet of magic regeneration (around neck)
   (You found it on level 2 of the Dungeon)
 B - a ring of willpower
   (You found it on level 1 of the Swamp)
 C - a ring of protection from cold (right hand) {rC+}
   (You found it on level 5 of the Dungeon)
 D - a +4 ring of slaying (left hand)
   (You found it on level 1 of the Lair of Beasts)
 F - a ring of protection from fire {rF+}
   (You took it off an orc priest on level 10 of the Dungeon)
 I - a ring of wizardry {wiz+}
   (You found it on level 7 of the Dungeon)
 S - a ring of wizardry {wiz+}
   (You found it on level 4 of the Lair of Beasts)
 T - a +5 ring of evasion
   (You found it on level 4 of the Lair of Beasts)
 V - a +4 ring of protection
   (You found it on level 5 of the Lair of Beasts)
 X - a +5 ring of evasion
   (You found it on level 14 of the Dungeon)
Scrolls
 c - 12 scrolls of blinking {!r!d}
 f - 3 scrolls of poison {!r}
 g - 4 scrolls of amnesia
 j - 3 scrolls of fog
 o - 2 scrolls of immolation {!r}
 r - 3 scrolls of vulnerability {!r!r}
 t - 13 scrolls of teleportation {!r!d, @r3}
 u - 3 scrolls of magic mapping {!r}
 A - 4 scrolls of enchant armour
 K - a scroll of silence
 R - a scroll of summoning
Potions
 d - 5 potions of curing {@q1, !d}
 e - 2 potions of resistance
 h - 3 potions of invisibility
 i - 6 potions of might
 l - 4 potions of mutation {!q}
 m - 6 potions of lignification {!q}
 n - 3 potions of cancellation
 q - a potion of berserk rage {unknown}
 v - 2 potions of brilliance {unknown}
 z - 3 potions of haste
 E - 6 potions of attraction {!q}
 N - 3 potions of flight {unknown}
 O - 3 potions of ambrosia
 P - 4 potions of heal wounds {@q2, !d}
 Q - 4 potions of magic


   Skills:
 + Level 17.4 Fighting
 - Level 18.0 Maces & Flails
 - Level 6.0 Polearms
 - Level 8.0 Throwing
 - Level 2.1 Dodging
 - Level 5.0 Spellcasting
 - Level 16.0 Translocations


You had 20 spell levels left.
You knew the following spells:

 Your Spells              Type           Power      Damage    Failure   Level
a - Manifold Assault      Tloc           51%        N/A       1%          4
B - Blink                 Tloc           100%       N/A       1%          2

Your spell library contained the following spells:

 Spells                   Type           Power      Damage    Failure   Level
 Lesser Beckoning         Tloc           100%       N/A       1%          2
 Portal Projectile        Hex/Tloc       54%        N/A       1%          3
 Teleport Other           Tloc           51%        N/A       1%          3
 Vhi's Electric Charge    Tloc/Air       54%        N/A       1%          3
 Beastly Appendage        Tmut           6%         N/A       16%         1
 Magic Dart               Conj           12%        1d3       16%         1
 Necrotise                Necr           12%        1d4       16%         1
 Call Imp                 Summ           6%         N/A       24%         2
 Cigotuvi's Dreadful Rot  Necr/Pois/Air  6%         N/A       24%         2
 Ensorcelled Hibernation  Hex/Ice        6%         N/A       24%         2
 Wereblood                Tmut           3%         N/A       24%         2
 Frozen Ramparts          Ice            6%         1d1       43%         3
 Hailstorm                Conj/Ice       3%         3d3       43%         3
 Ignite Poison            Fire/Tmut/Pois 3%         N/A       43%         3
 Mephitic Cloud           Conj/Pois/Air  3%         N/A       43%         3
 Spider Form              Tmut/Pois      3%         N/A       43%         3
 Tukima's Dance           Hex            3%         N/A       43%         3
 Vampiric Draining        Necr           3%         2d6       43%         3
 Anguish                  Hex/Necr       1%         N/A       85%         4
 Animate Dead             Necr           3%         N/A       85%         4
 Ice Form                 Ice/Tmut       3%         N/A       85%         4
 Leda's Liquefaction      Hex/Erth       1%         N/A       85%         4
 Petrify                  Tmut/Erth      3%         N/A       85%         4
 Summon Ice Beast         Ice/Summ       3%         N/A       85%         4
 Agony                    Necr           3%         N/A       99%         5
 Blade Hands              Tmut           1%         N/A       99%         5
 Borgnjor's Vile Clutch   Necr/Erth      1%         N/A       99%         5
 Freezing Cloud           Conj/Ice/Air   1%         6-21      99%         5
 Lee's Rapid Deconstruct  Erth           1%         3d4*      99%         5
 Metabolic Englaciation   Hex/Ice        1%         N/A       99%         5
 Death Channel            Necr           1%         N/A       100%        6
 Simulacrum               Ice/Necr       1%         N/A       100%        6
 Statue Form              Tmut/Erth      2%         N/A       100%        6
 Storm Form               Tmut/Air       1%         N/A       100%        7


Dungeon Overview and Level Annotations

Branches:
Dungeon (15/15)            Temple (0/1) D:5            Lair (5/5) D:11
  Swamp (3/4) Lair:3       Spider (0/4) Lair:3        Slime (0/5) Lair:5
    Orc (2/2) D:11            Elf (0/3) Orc:2        Vaults (0/5) D:13
 Depths (0/4) D:15          Sewer (visited)           IceCv (1/1)

Altars:
Dithmenos
Hepliaklqana
Kikubaaqudgha
Okawaru
Qazlal
Ru
Sif Muna
Trog
Xom
Yredelemnul
Zin
The Shining One
Jiyva

Shops:
D:4 ?   D:9 [   Orc:2 [?**

Annotations:
D:2 Jessica
D:7 2 transporters, exclusion: downstairs, JanusIIV's ghost, novice MiFi
D:11 1 runed translucent door
D:15 4 transporters


Innate Abilities, Weirdness & Mutations

You are too large for most types of armour.
You are dopey. (Int -2)
You do not regenerate when monsters are visible.
You have tough skin. (AC +1)
You sometimes lose the ability to drink potions when taking damage.
You cannot study or use magical devices.
You cannot train Armour skill.


Message History

You hear an angry hiss.
A rime drake comes into view.
You regained 8 hp, and now have 187/191 hp.
MP restored: 24 The rime drake is stunned by your conviction and fails to attack.
You crush the rime drake like a grape!!!
You freeze the rime drake.
You kill the rime drake!
You hear a shout! x2; You hear a horrible gurgling sound!
You hear a shout!
An ironbound frostheart comes into view.
You hear a horrible gurgling sound!
You hear a shout!
You impale the ironbound frostheart!! You freeze the ironbound frostheart.
You hear a horrible gurgling sound!
The ironbound frostheart touches you! The ironbound frostheart freezes you!
You resist.
You take 29 damage, and have 159/191 hp.
You barely miss the ironbound frostheart.
The ironbound frostheart touches you. The ironbound frostheart freezes you!
You resist.
You feel threatened and lose the ability to drink potions!
You take 16 damage, and have 143/191 hp.
You barely miss the ironbound frostheart.
The ironbound frostheart closely misses you.
You stick the ironbound frostheart like a pincushion!!!
You freeze the ironbound frostheart.
You kill the ironbound frostheart!
No target in view!
You start resting.
A white ugly thing comes into view.
You regained 2 hp, and now have 145/191 hp.
You bludgeon the white ugly thing!! You freeze the white ugly thing.
You hear a horrible gurgling sound!
The white ugly thing kicks you! The white ugly thing freezes you! You resist.
You focus your inner power and blind the white ugly thing in retribution!
You take 22 damage, and have 123/191 hp.
You hammer the white ugly thing like a gong!!!
You freeze the white ugly thing!
You kill the white ugly thing!
You hear a shout!
You hear a horrible gurgling sound!
A frost giant comes into view.
It is wielding a +3 battleaxe of freezing.
You bludgeon the frost giant!! You freeze the frost giant.
The frost giant hits you with a +3 battleaxe of freezing!!!
The frost giant freezes you.
You hear a horrible gurgling sound!
You take 42 damage, and have 82/191 hp.
MASSIVE DAMAGE!!
You are too injured to fight recklessly!
You are too injured to fight recklessly!
Unknown command.
Activating: Apocalypse You reveal the great annihilating truth to your foes!
The frost giant slows down under the weight of truth!
You feel drained.
You hear a horrible gurgling sound! x2; You hear an angry growl.
You hear an angry hiss.
You hear a shout!
You hear a horrible gurgling sound!
You hear an angry hiss.
You hear a deafening roar!
You hear an angry hiss.
You now have 17/24 mp.
Unknown command.
Unknown command.
You puncture the frost giant!
The frost giant hits you with a +3 battleaxe of freezing!!
You take 25 damage, and have 57/164 hp.
Unknown command.
You barely miss the frost giant.
Unknown command.
You bludgeon the frost giant!!
You kill the frost giant!
An ironbound frostheart comes into view.
Unknown command.
Really read
t - 14 scrolls of teleportation {!r!d, @r3}?
Okay, then.
Unknown command.
Really read
t - 14 scrolls of teleportation {!r!d, @r3}?
As you read the scroll of teleportation {!r!d, @r3}, it crumbles to dust.
You feel strangely unstable. The ironbound frostheart touches you!
* * * LOW HITPOINT WARNING * * *
The ironbound frostheart freezes you. You resist.
* * * LOW HITPOINT WARNING * * *
You take 15 damage, and have 42/169 hp.
Unknown command.
Unknown command.
You barely miss the ironbound frostheart.
The ironbound frostheart touches you!
* * * LOW HITPOINT WARNING * * *
The ironbound frostheart freezes you! You resist.
* * * LOW HITPOINT WARNING * * *
You take 31 damage, and have 11/169 hp.
Unknown command.
You cannot drink potions in your current state!
You cannot evoke magical items.
Okay, then.
The floor, spattered with blood.
Okay, then.
As you read the scroll of fear, it crumbles to dust.
You assume a fearsome visage.
The ironbound frostheart looks frightened!
A frost giant comes into view.
It is wielding a +2 battleaxe of freezing.
The frost giant attacks as you move away!
The frost giant hits you with a +2 battleaxe of freezing!!
You die...

§§ #☼ ## # .## .###
###..##... ##.)###..
##.##C#†# #..###@#
#°§###### ##.
##☼§§#..# ##...
###§§§####....
#§§○###...# ###.##...#
# ##.....## ###
##.#..⌠..## #..
##.###[....##########.


You could see a frost giant.

Vanquished Creatures
  Rupert (D:12)
  Kirke (D:14)
  A frost giant (IceCv)
  A caustic shrike zombie (D:15)
  3 bunyips (Swamp:1 Swamp:2)
  A white draconian (IceCv)
  An ettin (Orc:2)
  Josephine (Lair:3)
  14 hydras (Lair:2 Lair:3 Lair:4 Lair:5 D:14)
  8 vault guards (D:13 D:12)
  2 ironbound frosthearts (IceCv)
  5 catoblepae (Lair:2 Lair:4 Lair:5)
  7 boulder beetles (Lair:1 Lair:2 Lair:5 D:12 D:13)
  5 alligators (Swamp:1 Swamp:2)
  2 centaur warriors (D:13 D:14)
  A ghost crab (Lair:3)
  3 two-headed ogres (D:9 D:10 D:11)
  A tengu warrior (D:15)
  8 death yaks (Lair:3 Lair:4 Lair:5)
  Urug (Lair:5)
  3 orc high priests (Orc:2)
  Amaemon (Lair:3)
  3 skysharks (Lair:2 Lair:3 Lair:5)
  14 skeletal warriors (D:12 D:13 D:15)
  A death drake (Swamp:1)
  2 goliath frogs (Swamp:2 Swamp:3)
  4 bog bodies (Swamp:1 Swamp:2)
  3 spriggan druids (Swamp:1 Swamp:2)
  3 spectral hydras (Lair:3)
  An orb spider (Lair:3)
  A wizard (D:15)
  2 lindwurms (Lair:5)
  A necromancer (D:15)
  A phantasmal warrior (D:15)
  2 deep elf pyromancers (D:13 D:14)
  A fire giant zombie (D:15)
  A wolf spider (Lair:5)
  4 orc knights (Orc:2 Orc:1)
  An iron dragon zombie (D:15)
  19 ugly things (D:13 D:14 D:15 IceCv)
  6 orc sorcerers (D:7 Orc:2)
  5 manticores (Lair:5 D:12 D:13)
  A tengu skeleton (D:15)
  5 elephants (Lair:4 Lair:5)
  4 cyclopes (D:13 D:14)
  4 will-o-the-wisps (Swamp:1 Swamp:2)
  6 black mambas (Lair:1 Lair:3 Lair:4 Lair:5)
  2 gargoyles (D:10 D:11)
  A torpor snail (Lair:1)
  2 ice statues (Swamp:3)
  12 cane toads (Lair:1 Lair:2 Lair:3 Lair:4 Lair:5)
  An orange demon (Lair:3)
  Psyche (D:8)
  6 komodo dragons (D:11 Lair:1 Lair:3 Lair:5)
  22 rime drakes (Lair:2 Lair:3 Lair:4 Lair:5 IceCv)
  A freezing wraith (D:14)
  An efreet (D:14)
  A guardian mummy (D:15)
  9 trolls (D:9 D:10 Orc:2 D:12 D:13)
  2 bloated husks (Swamp:1 Swamp:2)
  A tyrant leech (Swamp:2)
  22 polar bears (Lair:5 IceCv)
  3 raiju (Lair:5)
  3 hornets (D:11 Swamp:1 Swamp:2)
  A blink frog (shapeshifter) (D:14)
  5 dream sheep (Lair:1)
  9 blink frogs (Lair:3 Lair:4)
  2 spectral dream sheep (Lair:3)
  14 slime creatures (D:11 D:12 D:15)
  A centaur simulacrum (D:14)
  3 vampires (D:9 D:11 D:13)
  3 shadows (D:9 D:10 D:11)
  2 spriggans (Swamp:1 Swamp:2)
  A hog (D:14)
  55 yaks (D:10 Lair:1 Lair:2 Lair:3 Lair:5)
  5 basilisks (Lair:2 Lair:5 D:14 D:15)
  5 wraiths (D:11 Lair:3)
  2 wyverns (Lair:2 Lair:5)
  A human (shapeshifter) (D:15)
  2 steam dragons (D:7 D:8)
  11 vampire mosquitoes (D:9 D:10 D:11 D:13 D:14)
  5 wargs (Lair:5 Orc:2)
  11 swamp worms (Swamp:1 Swamp:2)
  An acid dragon (D:13)
  12 water moccasins (D:8 Lair:1 Lair:2 Lair:3 Lair:4)
  5 swamp drakes (Swamp:1)
  14 hell hounds (Lair:5)
  16 orc warriors (D:9 D:10 Orc:1 Orc:2)
  An ice beast (shapeshifter) (D:14)
  2 ice beasts (D:5 D:7)
  14 black bears (D:3 D:6 D:7 Lair:5)
  6 boggarts (D:15)
  7 ogres (D:5 D:7 D:9 Orc:2)
  33 wolves (Lair:1 Lair:4 Lair:5)
  5 centaurs (D:7 D:8 D:14)
  A phantom (D:7)
  2 kobold brigands (D:8 D:10)
  19 bullfrogs (D:7 D:9 Lair:1 Lair:2 Lair:3)
  6 scorpions (D:4 D:5 Lair:1 Lair:2)
  9 wights (D:6 D:7)
  11 killer bees (D:7 D:8 D:9)
  2 howler monkeys (D:7 D:11)
  An electric eel (Lair:2)
  6 hounds (D:5 D:6 D:7)
  19 orc priests (D:6 D:8 D:9 D:10 Orc:1)
  8 jellies (D:4 D:5 D:6 Lair:5)
  A sleepcap (D:6)
  12 orc wizards (D:10 D:11 Orc:2 D:14)
  9 iguanas (D:3 D:4 D:5 D:6 D:7)
  A hell rat (Sewer)
  3 adders (D:2 D:4 D:5)
  7 gnolls (D:4 D:7)
  A river rat (Sewer)
  A shadow imp (D:7)
  A white imp (D:7)
  An ufetubus (D:6)
  2 worms (D:2 D:5)
  2 dart slugs (D:3)
  65 orcs (D:3 D:5 D:6 D:8 D:9)
  6 ball pythons (D:1 D:3 D:4)
  11 endoplasms (D:1 D:3 D:4 Lair:5)
  5 giant cockroaches (D:3)
  4 goblins (D:1 D:2 D:4)
  2 hobgoblins (D:1)
  9 jackals (D:1 D:4 D:5)
  7 quokkas (D:1 D:3 D:4 D:5)
  5 bats (D:1 D:3)
  6 frilled lizards (D:1 D:2 D:3)
  16 kobolds (D:1 D:2 D:4 D:8 D:10)
  16 rats (D:1 D:2 Sewer D:3)
787 creatures vanquished.

Vanquished Creatures (others)
  An orc warlord (Orc:2)
  A black mamba (Lair:2)
  A gargoyle (D:9)
  A troll (D:11)
  A polar bear (IceCv)
  An orc wizard (Orc:2)
  A dart slug (D:5)
  4 foxfires (Swamp:2 Swamp:3)
11 creatures vanquished.

Grand Total: 798 creatures vanquished

Notes
Turn   | Place    | Note
-------+----------+-------------------------------------------
     0 | D:1      | Jackthecabe the Ogre Warper began the quest for the Orb.
     0 | D:1      | Reached XP level 1. HP: 22/22 MP: 3/3
    24 | D:1      | Reached skill level 2 in Maces & Flails
    59 | D:1      | Reached skill level 3 in Fighting
    67 | D:1      | Reached XP level 2. HP: 21/31 MP: 5/5
   621 | D:1      | Reached XP level 3. HP: 27/37 MP: 6/6
   837 | D:2      | Noticed Jessica
  1109 | D:2      | HP: 16/37 [adder (3)]
  1114 | D:2      | HP: 8/37 [poisoned by an adder]
  1115 | D:2      | Reached skill level 3 in Maces & Flails
  1308 | D:2      | Found a shimmering blue altar of Sif Muna.
  1632 | D:3      | Found a sacrificial altar of Ru.
  1640 | D:3      | Became a worshipper of Ru the Awakened
  1671 | D:3      | Noticed a black bear
  1675 | D:3      | HP: 19/39 [black bear (6)]
  1679 | D:3      | HP: 9/39 [black bear (2)]
  1683 | D:3      | Killed a black bear
  1684 | D:3      | Reached skill level 4 in Fighting
  1684 | D:3      | Reached skill level 4 in Maces & Flails
  1684 | D:3      | Reached XP level 4. HP: 23/49 MP: 7/7
  1684 | D:3      | Reached XP level 5. HP: 26/55 MP: 8/8
  1687 | D:3      | Found the +8 trident of the Octopus King {venom, rElec
                  | rPois}
  1726 | D:3      | HP: 25/55 [iguana (13)]
  1834 | D:3      | Found a glowing drain.
  1863 | Sewer    | Entered a sewer
  1905 | Sewer    | Reached skill level 1 in Polearms
  2140 | D:3      | Reached skill level 5 in Fighting
  2254 | D:3      | Reached XP level 6. HP: 66/66 MP: 9/9
  2538 | D:3      | Learned a level 2 spell: Blink
  2589 | D:4      | Reached skill level 2 in Polearms
  2642 | D:4      | Found Iteyjoj's Magic Scroll Shoppe.
  2645 | D:4      | Bought a scroll of identify for 28 gold pieces
  2645 | D:4      | Bought a scroll of noise for 14 gold pieces
  2645 | D:4      | Bought a scroll of blinking for 105 gold pieces
  2742 | D:4      | Reached skill level 3 in Polearms
  2811 | D:4      | HP: 29/66 [gnoll/+0 flail (6)]
  3055 | D:4      | Gained mutation: You cannot train Armour skill. [Ru
                  | sacrifice]
  3055 | D:4      | Reached * piety under Ru
  3206 | D:4      | Reached skill level 4 in Polearms
  3390 | D:4      | Reached XP level 7. HP: 60/72 MP: 10/10
  3562 | D:5      | Entered Level 5 of the Dungeon
  3611 | D:5      | Reached skill level 5 in Polearms
  3773 | D:5      | Reached skill level 6 in Polearms
  3917 | D:5      | Reached skill level 3 in Translocations
  3924 | D:5      | Found a staircase to the Ecumenical Temple.
  4053 | D:5      | Reached XP level 8. HP: 45/83 MP: 11/11
  4685 | D:6      | Reached skill level 6 in Fighting
  5045 | D:6      | Reached skill level 4 in Translocations
  5172 | D:6      | Reached skill level 7 in Fighting
  5396 | D:6      | HP: 36/81 [wight/+0 long sword (5)]
  5399 | D:6      | HP: 15/81 [wight/+5 short sword (9)]
  5415 | D:6      | HP: 28/81 [hound (2)]
  5421 | D:6      | HP: 21/81 [hound (3)]
  5427 | D:6      | Reached skill level 8 in Fighting
  5429 | D:6      | HP: 20/82 [wight/+4 spear (1)]
  5429 | D:6      | HP: 9/82 [wight/+5 short sword (11)]
  5747 | D:6      | Found an ancient bone altar of Kikubaaqudgha.
  5747 | D:6      | Found a glowing golden altar of the Shining One.
  5748 | D:6      | Found a glowing silver altar of Zin.
  5916 | D:6      | Gained mutation: You do not regenerate when monsters are
                  | visible. [Ru sacrifice]
  5916 | D:6      | Reached ** piety under Ru
  6100 | D:6      | Reached skill level 9 in Fighting
  6400 | D:7      | Noticed an orc sorcerer
  6411 | D:7      | HP: 27/86 [orc sorcerer/bolt of fire (37)]
  6593 | D:6      | Learned a level 4 spell: Manifold Assault
  6677 | D:7      | Found a shadowy altar of Dithmenos.
  6718 | D:7      | Reached skill level 3 in Spellcasting
  6812 | D:7      | Killed an orc sorcerer
  6813 | D:7      | Reached skill level 4 in Spellcasting
  6813 | D:7      | Reached skill level 5 in Translocations
  6813 | D:7      | Reached XP level 9. HP: 66/100 MP: 15/15
  6920 | D:7      | Identified the +1 cloak "Jeguun" {Int+3}
  7205 | D:7      | Noticed JanusIIV's ghost (novice MiFi)
  7205 | D:7      | Found a transporter.
  7266 | D:7      | Reached skill level 10 in Fighting
  7268 | D:7      | Reached skill level 6 in Translocations
  7415 | D:7      | Found a transporter.
  7455 | D:7      | Identified the +4 giant club "Aprulao" {drain, Drain rElec
                  | rN+ Dex+3}
  7848 | D:7      | Reached skill level 7 in Translocations
  8626 | D:8      | Noticed Psyche
  8684 | D:8      | Reached skill level 8 in Translocations
  8695 | D:8      | Reached XP level 10. HP: 107/110 MP: 0/16
  8794 | D:8      | Killed Psyche
  8795 | D:8      | Reached skill level 11 in Fighting
  9000 | D:8      | Found an iron altar of Okawaru.
  9644 | D:9      | Found Zomil's Armour Shoppe.
  9751 | D:9      | Reached skill level 12 in Fighting
  9900 | D:9      | Found a stormy altar of Qazlal.
  9942 | D:9      | Found a basalt altar of Yredelemnul.
  9976 | D:9      | Gained mutation: You cannot study or use magical devices.
                  | [Ru sacrifice]
  9976 | D:9      | Reached *** piety under Ru
  9976 | D:9      | Reached **** piety under Ru
 10174 | D:9      | Reached skill level 13 in Fighting
 10536 | D:9      | Found a shimmering blue altar of Sif Muna.
 10598 | D:9      | HP: 58/119 [something (9)]
 10605 | D:9      | HP: 25/119 [something (11)]
 10895 | D:10     | Entered Level 10 of the Dungeon
 10895 | D:10     | Noticed a two-headed ogre
 10924 | D:9      | Killed a two-headed ogre
 10925 | D:9      | Reached skill level 14 in Fighting
 11159 | D:10     | Identified the +0 leather armour "Uxiquaq" {Slay+2}
 11184 | D:10     | Noticed a gargoyle
 11277 | D:10     | Reached XP level 11. HP: 131/131 MP: 5/17
 11282 | D:10     | Reached skill level 15 in Fighting
 11592 | D:10     | Noticed a two-headed ogre
 11617 | D:10     | Killed a two-headed ogre
 11686 | D:10     | Found a hazy altar of Hepliaklqana.
 12054 | D:10     | Found a bloodstained altar of Trog.
 12104 | D:10     | HP: 59/133 [gargoyle/stone arrow (18)]
 12400 | D:10     | HP: 53/135 [gargoyle/stone arrow (18)]
 12733 | D:11     | Found a staircase to the Lair.
 12745 | D:11     | Reached skill level 16 in Fighting
 12745 | D:11     | Reached skill level 9 in Translocations
 12913 | D:11     | Found a staircase to the Orcish Mines.
 12960 | D:11     | Identified the orb "Vipiesas" {*Rage, rElec}
 13179 | D:11     | Found a runed translucent door.
 13184 | D:11     | Noticed a cyclops
 13295 | D:11     | Noticed a two-headed ogre
 13305 | D:11     | Killed a two-headed ogre
 13370 | D:11     | Gained mutation: You occasionally lose the ability to drink
                  | potions when taking damage. [Ru sacrifice]
 13370 | D:11     | Gained mutation: You sometimes lose the ability to drink
                  | potions when taking damage. [Ru sacrifice]
 13370 | D:11     | Reached ***** piety under Ru
 13510 | D:11     | Reached skill level 10 in Translocations
 14026 | D:11     | Noticed an eight-headed hydra
 14028 | D:11     | Noticed a deep elf zephyrmancer
 14029 | D:11     | Noticed a tengu warrior
 14364 | Lair:1   | Entered Level 1 of the Lair of Beasts
 14825 | Lair:1   | Noticed a boulder beetle
 14865 | Lair:1   | Killed a boulder beetle
 14866 | Lair:1   | Reached skill level 11 in Translocations
 15011 | Lair:1   | Reached XP level 12. HP: 144/144 MP: 12/18
 15156 | Lair:1   | Reached skill level 12 in Translocations
 15522 | Lair:1   | Reached skill level 5 in Maces & Flails
 16074 | Lair:2   | Noticed a catoblepas
 16088 | Lair:2   | Killed a catoblepas
 16167 | Lair:2   | Noticed a boulder beetle
 16171 | Lair:2   | Reached skill level 6 in Maces & Flails
 16196 | Lair:2   | Killed a boulder beetle
 16365 | Lair:2   | Reached skill level 13 in Translocations
 16391 | Lair:2   | Reached skill level 7 in Maces & Flails
 16508 | Lair:2   | Gained mutation: You are dopey. (Int -2) [Ru sacrifice]
 16508 | Lair:2   | Reached ****** piety under Ru
 16529 | Lair:2   | Noticed a seven-headed hydra
 16555 | Lair:2   | Killed a seven-headed hydra
 16640 | Lair:2   | Noticed a catoblepas
 16648 | Lair:2   | HP: 57/134 [catoblepas (32)]
 16649 | Lair:2   | Killed a catoblepas
 16650 | Lair:2   | Reached skill level 8 in Maces & Flails
 16885 | Lair:2   | Reached XP level 13. HP: 147/149 MP: 4/19
 17594 | Lair:3   | Noticed Amaemon
 17615 | Lair:3   | Reached skill level 9 in Maces & Flails
 17619 | Lair:3   | Killed Amaemon
 17704 | Lair:3   | Noticed Josephine
 17724 | Lair:3   | Killed Josephine
 17830 | Lair:2   | HP: 76/152 [poisoned by a black mamba]
 18561 | Lair:3   | You fall into a shaft and drop 2 floors!
 18561 | Lair:5   | Entered Level 5 of the Lair of Beasts
 18561 | Lair:5   | Noticed Urug
 18568 | Lair:5   | Killed Urug
 19235 | Lair:3   | Reached skill level 10 in Maces & Flails
 19264 | Lair:3   | Found a hole to the Spider Nest.
 19349 | Lair:3   | HP: 76/152 [cane toad (13)]
 19867 | Lair:3   | Reached skill level 14 in Translocations
 20131 | Lair:3   | Found a staircase to the Swamp.
 20259 | Lair:4   | HP: 67/141 [six-headed hydra (10)]
 20260 | Lair:4   | HP: 29/141 [six-headed hydra (11)]
 20266 | Lair:4   | Reached skill level 11 in Maces & Flails
 21207 | Lair:4   | Reached XP level 14. HP: 116/162 MP: 9/20
 21862 | Lair:4   | Reached skill level 12 in Maces & Flails
 22722 | Lair:4   | HP: 76/158 [death yak (26)]
 23099 | Lair:5   | Reached skill level 13 in Maces & Flails
 23827 | Lair:5   | Reached skill level 5 in Spellcasting
 23863 | Lair:5   | HP: 67/148 [skyshark (13)]
 24710 | Lair:5   | Reached skill level 14 in Maces & Flails
 25477 | Lair:5   | Reached XP level 15. HP: 159/164 MP: 10/22
 25568 | Lair:5   | Found a viscous altar of Jiyva.
 25568 | Lair:5   | Found a staircase to the Slime Pits.
 26329 | Lair:5   | Reached skill level 15 in Translocations
 26587 | Orc:1    | Entered Level 1 of the Orcish Mines
 26743 | Orc:2    | Entered Level 2 of the Orcish Mines
 27424 | Orc:2    | Found a staircase to the Elven Halls.
 27466 | Orc:2    | Noticed an orc warlord
 27474 | Orc:2    | Killed an orc warlord
 27475 | Orc:2    | Reached skill level 15 in Maces & Flails
 27515 | Orc:2    | HP: 51/147 [ettin/+0 great mace (34)]
 29031 | Orc:2    | Found Lykiwk's Assorted Antiques.
 29031 | Orc:2    | Found Ihittyb's General Store.
 29034 | Orc:2    | Found Pyonusti's Magic Scroll Boutique.
 29034 | Orc:2    | Found Coziur's Armour Shoppe.
 29050 | Orc:2    | Bought a potion of cancellation for 136 gold pieces
 29050 | Orc:2    | Bought a scroll of blinking for 127 gold pieces
 29052 | Orc:2    | Bought a scroll of blinking for 105 gold pieces
 29390 | D:11     | HP: 38/167 [very large slime creature (48)]
 30176 | D:12     | Identified the +5 dagger of Ojoni {freeze, rF+}
 30586 | D:12     | Noticed Rupert
 30718 | D:12     | Killed Rupert
 30719 | D:12     | Reached skill level 16 in Maces & Flails
 31813 | D:13     | HP: 85/170 [vault guard/+0 halberd (11)]
 32212 | D:13     | Found a gate to the Vaults.
 32293 | D:13     | HP: 84/170 [vault guard/+0 broad axe (18)]
 33068 | D:13     | Reached skill level 17 in Maces & Flails
 33207 | D:13     | Reached XP level 16. HP: 179/179 MP: 12/23
 33627 | D:14     | Noticed Kirke
 33842 | D:4      | Bought a scroll of enchant weapon for 105 gold pieces
 33842 | D:4      | Bought a scroll of blinking for 105 gold pieces
 34087 | Orc:2    | Bought a scroll of enchant weapon for 127 gold pieces
 34087 | Orc:2    | Bought a scroll of enchant armour for 127 gold pieces
 34093 | Orc:2    | Bought a scroll of enchant weapon for 247 gold pieces
 34470 | D:14     | Killed Kirke
 34737 | D:14     | Reached skill level 2 in Throwing
 35158 | D:15     | Entered Level 15 of the Dungeon
 35372 | D:14     | HP: 71/179 [white ugly thing (30)]
 35376 | D:14     | Reached skill level 3 in Throwing
 36243 | D:15     | Reached skill level 4 in Throwing
 36305 | D:15     | Found a staircase to the Depths.
 36776 | D:15     | Reached skill level 5 in Throwing
 36930 | D:15     | Found a transporter.
 36959 | D:15     | Found a transporter.
 36961 | D:15     | Found a transporter.
 37056 | D:15     | Found a transporter.
 37189 | D:15     | Jackthecabe: ??manifold assault
 37189 | D:15     | beem: manifold assault[1/2]: L5 Translocations spell that
                  | attacks 2-4 random hostile monsters in LOS using your
                  | current melee attack. In 0.30, instead a L4 spell, and hits
                  | half as many targets if used with UC.
 37189 | D:15     | Jackthecabe: ??manifold assault[2
 37189 | D:15     | beem: manifold assault[2/2]: The delay of the action is the
                  | same as your weapon delay. Spellpower increases the number
                  | of attacks. Certain unrands with AOE that require prompting
                  | don't work with this spell. Added in 0.27.
 37658 | Swamp:1  | Entered Level 1 of the Swamp
 37882 | Swamp:1  | Found a shimmering altar of Xom.
 38102 | Swamp:1  | Reached skill level 6 in Throwing
 39261 | Swamp:2  | Reached skill level 7 in Throwing
 39365 | Swamp:2  | Reached skill level 18 in Maces & Flails
 39581 | Swamp:2  | Reached XP level 17. HP: 161/168 MP: 2/24
 39860 | Swamp:3  | Found a frozen archway.
 39863 | Swamp:3  | Reached skill level 8 in Throwing
 40165 | IceCv    | Entered an ice cave
 40189 | IceCv    | Reached skill level 16 in Translocations
 40841 | IceCv    | Reached skill level 17 in Fighting
 41003 | IceCv    | HP: 86/191 [frost giant/+3 battleaxe of freezing (38)]
 41008 | IceCv    | HP: 48/169 [ironbound frostheart (9)]
 41009 | IceCv    | HP: 11/169 [ironbound frostheart (17)]
 41012 | IceCv    | Mangled by a frost giant

Illustrated notes

Levels and vault maps discovered:
D:1:      onia_arrival_handbag, layout_basic
D:2:      layout_rooms, basic_altar, uniq_jessica
D:3:      layout_loops_cross, nicolae_ru_the_path_less_chosen,
          gup_sewer_entry_pipe, minmay_three_crescents
D:4:      layout_cave_pools, serial_shops, kennysheep_mini
D:5:      layout_basic, minmay_temple_entry_drinking_statues, solitary_fountain,
          lemuel_flamethrower_2
D:6:      layout_basic, gammafunk_temple_overflow_claw, serial_co_window_serial,
          co_window_corner_a, co_window_of_opportunity_a, co_window_paths_a,
          co_window_of_opportunity_a, co_window_paths_a, co_window_cross_4,
          co_window_corner_ca, co_window_unsneaky_path_b, co_window_broadway_b,
          co_window_corner_b, glass_columns_a
D:7:      cheibrodos_wizards_tower, layout_gridville,
          grunt_dithmenos_smoke_and_mirrors, gammafunk_ghost_smash
D:8:      layout_cave_pools, okawaru_trees_2, uniq_psyche
D:9:      layout_basic, nicolae_qazlal_style_of_elements,
          mainiacjoe_overflow_tiny_flanked, led_sif_pool, special_room
          [special_room_orc], serial_shops, shop, minmay_misc_feat_enclosed,
          minivault_5
D:10:     layout_rooms, lemuel_crystal_altar, lemuel_round_altar, st_stairs_9,
          minivault_25_ag
D:11:     layout_loops_corners, david_lair_shrubbed, orc_0_dummy,
          kennysheep_nub, lightli_airlock
D:12:     layout_irregular_city, kennysheep_generic_room_4, uniq_rupert
D:13:     layout_stronghold, erik_vaults_2
D:14:     layout_irregular_city, hex_tiny, uniq_kirke
D:15:     gammafunk_depths_entry_grave, layout_loops_ring,
          chequers_hall_statues_wall_a, grunt_ministairs_6,
          nicolae_transporter_circle
Lair:1:   layout_gridlike, minivault_11, nicolae_lair_grazing_beasts
          [nicolae_sub_lair_graze_edge, nicolae_sub_lair_graze_edge,
          nicolae_sub_lair_graze_edge, nicolae_sub_lair_graze_edge],
          grunt_megastairs_5, infiniplex_staircase_pool_2
Lair:2:   layout_chaotic_city, pdpol_lair_neglected_garden, grunt_megastairs_3,
          infiniplex_staircase_pool, serial_bayou_shore_a
Lair:3:   layout_regular_city, nicolae_swamp_entry_spooky,
          nicolae_spider_entry_orb_guardian, beast_lair_carwin_10,
          grunt_megastairs_1, uniq_josephine, uniq_amaemon
Lair:4:   layout_cave_pods, lemuel_fruit_fields
Lair:5:   hangedman_lair_in_review, layout_layer_cave,
          hangedman_lair_caniforms_friends, nicolae_slime_entry_slimehenge,
          lemuel_fruit_tree, uniq_urug
Swamp:1:  layout_falls_marsh, nicolae_swamp_godswood, swamp_pool1,
          nicolae_swamp_drake_lake
Swamp:2:  layout_basic_swamp, evilmike_swamp_ruin_house_2
Swamp:3:  layout_basic_swamp, portal_ice_cave_entry_ice_statue_two,
          hangedman_swamp_cone
Orc:1:    layout_caves, serial_shops, shop_fountains
Orc:2:    grunt_orc_tribal_feast, layout_diamond_mine
IceCv:    ice_cave_caverns_01

Skill      XL: |  1  2  3  4  5  6  7  8  9 10 11 12 13 14 15 16 17 |
---------------+----------------------------------------------------+-----
Maces & Flails | 2 4 8 11 14 17 18 | 18.0
Fighting       | 3 4 5 9 10 14 16 17 | 17.4
Polearms       | 1 4 6 |  6.0
Translocations | 3 5 8 11 13 14 15 16 | 16.0
Spellcasting   | 4 5 |  5.0
Throwing       | 7 8 |  8.0
Dodging        | |  2.1

Action                     |  1- 3 |  4- 6 |  7- 9 | 10-12 | 13-15 | 16-18 || total
---------------------------+-------+-------+-------+-------+-------+-------++-------
  Melee: Mace              |   117 |     1 |       |       |       |       ||   118
         Punch             |     1 |       |     3 |     2 |     1 |       ||     7
         Trident           |       |   112 |   242 |   600 |  1044 |     6 ||  2004
         Giant spiked club |       |       |       |       |   153 |   480 ||   633
  Throw: Boomerang         |     7 |       |       |     7 |       |       ||    14
         Large rock        |       |       |       |       |       |     4 ||     4
   Cast: Blink             |       |     1 |     1 |       |       |       ||     2
         Manifold Assault  |       |       |     8 |   258 |   544 |   265 ||  1075
 Invoke: Sacrifice Durabil |       |     1 |       |       |       |       ||     1
         Sacrifice Purity  |       |       |     1 |     1 |       |       ||     2
         Draw Out Power    |       |       |       |     1 |     1 |     1 ||     3
         Sacrifice Artific |       |       |       |     1 |       |       ||     1
         Sacrifice Drink   |       |       |       |     1 |       |       ||     1
         Apocalypse        |       |       |       |     2 |     9 |     2 ||    13
         Power Leap        |       |       |       |       |     1 |       ||     1
  Evoke: Wand              |       |       |       |     1 |       |       ||     1
    Use: Potion            |     1 |       |     2 |       |     1 |       ||     4
         Scroll            |       |     6 |       |     4 |    12 |    10 ||    32
   Stab: Sleeping          |       |       |     1 |       |       |       ||     1
         Invisible         |       |       |       |     1 |     3 |       ||     4
         Paralysed         |       |       |       |       |    31 |     1 ||    32
 Armour: Robe              |    60 |    18 |    20 |       |       |       ||    98
         Steam dragon scal |       |       |    26 |    50 |   100 |    19 ||   195
  Dodge: Dodged            |    74 |    36 |   100 |    81 |   154 |    30 ||   475

Levels and vault maps discovered:
D:1:      onia_arrival_handbag, layout_basic
D:2:      layout_rooms, basic_altar, uniq_jessica
D:3:      layout_loops_cross, nicolae_ru_the_path_less_chosen,
          gup_sewer_entry_pipe, minmay_three_crescents
D:4:      layout_cave_pools, serial_shops, kennysheep_mini
D:5:      layout_basic, minmay_temple_entry_drinking_statues, solitary_fountain,
          lemuel_flamethrower_2
D:6:      layout_basic, gammafunk_temple_overflow_claw, serial_co_window_serial,
          co_window_corner_a, co_window_of_opportunity_a, co_window_paths_a,
          co_window_of_opportunity_a, co_window_paths_a, co_window_cross_4,
          co_window_corner_ca, co_window_unsneaky_path_b, co_window_broadway_b,
          co_window_corner_b, glass_columns_a
D:7:      cheibrodos_wizards_tower, layout_gridville,
          grunt_dithmenos_smoke_and_mirrors, gammafunk_ghost_smash
D:8:      layout_cave_pools, okawaru_trees_2, uniq_psyche
D:9:      layout_basic, nicolae_qazlal_style_of_elements,
          mainiacjoe_overflow_tiny_flanked, led_sif_pool, special_room
          [special_room_orc], serial_shops, shop, minmay_misc_feat_enclosed,
          minivault_5
D:10:     layout_rooms, lemuel_crystal_altar, lemuel_round_altar, st_stairs_9,
          minivault_25_ag
D:11:     layout_loops_corners, david_lair_shrubbed, orc_0_dummy,
          kennysheep_nub, lightli_airlock
D:12:     layout_irregular_city, kennysheep_generic_room_4, uniq_rupert
D:13:     layout_stronghold, erik_vaults_2
D:14:     layout_irregular_city, hex_tiny, uniq_kirke
D:15:     gammafunk_depths_entry_grave, layout_loops_ring,
          chequers_hall_statues_wall_a, grunt_ministairs_6,
          nicolae_transporter_circle
Lair:1:   layout_gridlike, minivault_11, nicolae_lair_grazing_beasts
          [nicolae_sub_lair_graze_edge, nicolae_sub_lair_graze_edge,
          nicolae_sub_lair_graze_edge, nicolae_sub_lair_graze_edge],
          grunt_megastairs_5, infiniplex_staircase_pool_2
Lair:2:   layout_chaotic_city, pdpol_lair_neglected_garden, grunt_megastairs_3,
          infiniplex_staircase_pool, serial_bayou_shore_a
Lair:3:   layout_regular_city, nicolae_swamp_entry_spooky,
          nicolae_spider_entry_orb_guardian, beast_lair_carwin_10,
          grunt_megastairs_1, uniq_josephine, uniq_amaemon
Lair:4:   layout_cave_pods, lemuel_fruit_fields
Lair:5:   hangedman_lair_in_review, layout_layer_cave,
          hangedman_lair_caniforms_friends, nicolae_slime_entry_slimehenge,
          lemuel_fruit_tree, uniq_urug
Swamp:1:  layout_falls_marsh, nicolae_swamp_godswood, swamp_pool1,
          nicolae_swamp_drake_lake
Swamp:2:  layout_basic_swamp, evilmike_swamp_ruin_house_2
Swamp:3:  layout_basic_swamp, portal_ice_cave_entry_ice_statue_two,
          hangedman_swamp_cone
Orc:1:    layout_caves, serial_shops, shop_fountains
Orc:2:    grunt_orc_tribal_feast, layout_diamond_mine
IceCv:    ice_cave_caverns_01

Table legend: (Time is in decaauts)
 A = Elapsed time spent in this place.
 B = Non-inter-level travel time spent in this place.
 C = Inter-level travel time spent in this place.
 D = Time resting spent in this place.
 E = Time spent auto-exploring this place.
 F = Levels seen in this place.
 G = Mean time per level.
                   A        B        C        D        E       F      G
               +--------+--------+--------+--------+--------+-----+--------+
         Total |  41126 |  38574 |   2552 |   9742 |  23017 |  27 | 1523.2 |
       Dungeon |  22742 |  21122 |   1620 |   5042 |  12915 |  15 | 1516.1 |
          Lair |  12175 |  11611 |    564 |   2919 |   7014 |   5 | 2435.0 |
         Swamp |   2508 |   2375 |    133 |    906 |   1235 |   3 |  836.0 |
  Orcish Mines |   2718 |   2484 |    234 |    689 |   1307 |   2 | 1359.0 |
         Sewer |    142 |    142 |      0 |      0 |     74 |   1 |  142.0 |
      Ice Cave |    839 |    839 |      0 |    186 |    471 |   1 |  839.0 |
               +--------+--------+--------+--------+--------+-----+--------+

Top non-repeatable levels by time:
  Lair:5: 3394 daAuts
  Lair:4: 2752 daAuts
    D:11: 2636 daAuts
  Lair:3: 2444 daAuts
     D:9: 2307 daAuts
     D:6: 2251 daAuts
   Orc:2: 2090 daAuts
  Lair:2: 1981 daAuts
    D:13: 1922 daAuts
    D:12: 1867 daAuts
    D:14: 1637 daAuts
  Lair:1: 1602 daAuts
 Swamp:1: 1591 daAuts
     D:7: 1498 daAuts
    D:15: 1400 daAuts

Table legend:
 A = Kills in this place as a percentage of kills in the entire game.
 B = Kills by you in this place as a percentage of kills by you in the entire game.
 C = Kills by friends in this place as a percentage of kills by friends in the entire game.
 D = Other kills in this place as a percentage of other kills in the entire game.
 E = Experience gained in this place as a percentage of experience gained in the entire game.
 F = Experience gained in this place divided by the number of levels of this place that you have seen.
                   A       B       C       D       E      F
               +-------+-------+-------+-------+-------+----------------------
         Total | 100.0 | 100.0 |   N/A | 100.0 | 100.0 | 7480.5
       Dungeon |  43.9 |  44.0 |   N/A |  40.0 |  33.8 | 4549.0
          Lair |  34.0 |  34.1 |   N/A |  20.0 |  38.9 | 15704.6
         Swamp |   6.7 |   6.7 |   N/A |   0.0 |  13.3 | 8947.7
  Orcish Mines |   9.8 |   9.8 |   N/A |  20.0 |   6.5 | 6547.5
         Sewer |   1.1 |   1.1 |   N/A |   0.0 |   0.0 |  53.0
      Ice Cave |   4.4 |   4.3 |   N/A |  20.0 |   7.5 | 15224.0
               +-------+-------+-------+-------+-------+----------------------
